[Event "Team 45 45 League T51"]
[Site "Internet Chess Club"]
[Date "2011.11.26"]
[Round "3"]
[White "moomaster"]
[Black "powerchess1"]
[Result "1/2-1/2"]
[WhiteElo "1589"]
[BlackElo "1616"]
[Opening "Réti opening"]
[ECO "E61"]
[Time "13:06:25"]
[TimeControl "2700+45"]

1. Nf3 g6 2. c4 Bg7 3. d4 Nf6 4. Nc3 c5 5. e4 cxd4 6. Nxd4 Nc6 7. Be2 O-O 8. Be3
d6 9. f3 Nd7 10. O-O Nxd4 11. Bxd4 Bxd4+ 12. Qxd4 Qb6 13. Qxb6 Nxb6 14. Nd5 Nxd5
15. cxd5 Bd7 16. Rac1 Rfc8 17. Kf2 a6 18. Ke3 f5 19. Kd4 Kf7 20. e5 dxe5+ 21.
Kxe5 Bb5 22. Bxb5 axb5 23. a3 Rc4 24. Rxc4 bxc4 25. Rc1 b5 26. Kd4 Rc8 27. Re1
Rc7 28. Re6 h5 29. Rb6 c3 30. bxc3 Rc4+ 31. Kd3 Rc5 32. Kd4 Rc4+ 33. Ke5 Rxc3
34. Rxb5 Rxa3 35. Rb7 Ra6 36. h3 Rd6 37. Rc7 Ra6 38. Kf4 Rd6 39. Ke5 Ra6 40. Rc6
Ra2 41. g4 hxg4 42. hxg4 Re2+ 43. Kf4 fxg4 44. fxg4 Rd2 {Game drawn by mutual
agreement} 1/2-1/2

[Event "Team 45 45 League T51"]
[Site "Internet Chess Club"]
[Date "2011.11.27"]
[Round "3"]
[White "Neoman"]
[Black "nosir"]
[Result "1-0"]
[WhiteElo "1631"]
[BlackElo "1501"]
[Opening "French: exchange variation"]
[ECO "C01"]
[Time "16:00:16"]
[TimeControl "2700+45"]

1. e4 e6 2. d4 d5 3. exd5 exd5 4. Bd3 Nf6 5. c3 Bd6 6. Ne2 O-O 7. O-O Re8 8. f3
Nbd7 9. Bg5 c6 10. Nd2 Qc7 11. g3 Nh5 12. Qc2 Ndf6 13. Bxf6 Nxf6 14. Rae1 Bh3
15. Rf2 Re7 16. Bf5 Bxf5 17. Qxf5 Rae8 18. a4 h6 19. Qb1 Nh5 20. Nf1 Qd7 21. Qc2
f5 22. f4 Nf6 23. Rf3 c5 24. dxc5 Bxc5+ 25. Kg2 Ng4 26. b4 Bd6 27. Rd3 Nf6 28.
Qa2 Re4 29. Rd4 Qe6 30. Rd2 g5 31. fxg5 hxg5 32. h3 f4 33. g4 Kg7 34. Kf3 Nd7
35. Nd4 Qf7 36. Nf5+ Kf6 37. Nxd6 Qe7 38. Nxe8+ Qxe8 39. Red1 Ne5+ 40. Kf2 Qh8
41. Qxd5 Qh4+ 42. Kg2 f3+ 43. Kh2 Nxg4+ 44. Kh1 Qxh3+ 45. Kg1 f2+ 46. Rxf2+ Nxf2
47. Qd8+ Ke5 48. Rd5+ Kf4 49. Qf6+ Kg4 50. Rxg5+ {Black forfeits on time} 1-0

[Event "Team 45 45 League T51"]
[Site "Internet Chess Club"]
[Date "2011.11.25"]
[Round "3"]
[White "Luckydawg"]
[Black "julesraider"]
[Result "0-1"]
[WhiteElo "1439"]
[BlackElo "1542"]
[Opening "English, 1...Nf6 (Anglo-Indian defense)"]
[ECO "A15"]
[Time "23:30:06"]
[TimeControl "2700+45"]

1. c4 Nf6 2. g3 g6 3. Bg2 Bg7 4. Nc3 d6 5. d3 O-O 6. Bg5 e5 7. Qd2 Re8 8. e4 a6
9. Nge2 Nbd7 10. O-O c6 11. Rad1 b5 12. b3 Qc7 13. cxb5 axb5 14. Rc1 Qa5 15. Rc2
Bb7 16. d4 b4 17. Nd1 exd4 18. Nxd4 c5 19. e5 Bxg2 20. Kxg2 Ne4 21. Nc6 Nxd2 22.
Nxa5 Nxf1 23. Nc6 f6 24. exf6 Bxf6 25. Bxf6 Nxf6 26. Kxf1 Ra6 {White resigns}
0-1

[Event "Team 45 45 League T51"]
[Site "Internet Chess Club"]
[Date "2011.11.28"]
[Round "3"]
[White "Kingofknights"]
[Black "Portola"]
[Result "0-1"]
[WhiteElo "1710"]
[BlackElo "1739"]
[Opening "QGD: Orthodox defense, Rubinstein variation"]
[ECO "D61"]
[Time "18:30:14"]
[TimeControl "2700+45"]

1. d4 d5 2. c4 e6 3. Nc3 Nf6 4. Bg5 Be7 5. e3 Nbd7 6. Nf3 O-O 7. Qc2 b6 8. cxd5
exd5 9. Bb5 Bb7 10. O-O a6 11. Bd3 Rc8 12. Qe2 Ra8 13. Rac1 c5 14. b3 Re8 15.
Rfe1 Ne4 16. Bxe7 Qxe7 17. Qd1 Rad8 18. Qe2 cxd4 19. exd4 Qb4 20. Qb2 Ndf6 21.
a3 Qd6 22. h3 Qf4 23. Ne2 Qh6 24. Rc7 Bc8 25. Qc1 Qh5 26. Nf4 Qh6 27. Ne5 Be6
28. Nxe6 Qxc1 29. Rexc1 fxe6 30. f3 Ng3 31. Kf2 Nf5 32. Ng4 Nh5 33. Bxf5 exf5
34. Ne5 Nf4 35. R1c6 Ne6 36. Rb7 Nxd4 37. Rcc7 Ne6 38. Rf7 d4 39. Nd3 Rc8 40.
Rxf5 Rc3 41. Nf4 Nxf4 42. Rxf4 d3 43. Rxb6 d2 44. Rd6 Rc2 45. Kg3 h6 46. Rfd4
Re2 47. h4 d1=Q 48. Rxd1 Rxg2+ 49. Kf4 Rh2 50. Rxa6 Rxh4+ 51. Kg3 Rhh2 52. Rd3
g5 53. Rd8+ Kf7 54. f4 Rhg2+ 55. Kf3 Rcf2+ 56. Ke4 Rxf4+ 57. Kd3 Rg3+ 58. Kc2 h5
59. b4 Rc4+ 60. Kb2 Rf4 61. Kc2 h4 62. b5 h3 63. b6 Rf2+ 64. Rd2 Rxd2+ 65. Kxd2
Rg2+ 66. Kc3 h2 67. b7 h1=Q 68. b8=Q Qc1+ 69. Kd4 Qd2+ 70. Kc5 Qe3+ 71. Kc6 Rc2+
72. Kb7 Rb2+ 73. Ka8 Qe4+ {White resigns} 0-1

[Event "Team 45 45 League T51"]
[Site "Internet Chess Club"]
[Date "2011.11.27"]
[Round "3"]
[White "rubo"]
[Black "KnightOfCydonia"]
[Result "0-1"]
[WhiteElo "1684"]
[BlackElo "1723"]
[Opening "Evans gambit: 5...Be7"]
[ECO "C51"]
[Time "15:00:14"]
[TimeControl "2700+45"]

1. e4 e5 2. Nf3 Nc6 3. Bc4 Bc5 4. b4 Bxb4 5. c3 Be7 6. d4 Bf6 7. O-O d6 8. dxe5
Nxe5 9. Nxe5 Bxe5 10. f4 Bf6 11. Qb3 Be6 12. Bxe6 fxe6 13. e5 Be7 14. Qxb7 Nh6
15. Qc6+ Kf8 16. Na3 g6 17. Nb5 Qe8 18. Qxe8+ Rxe8 19. Nxc7 Rc8 20. exd6 Bxd6
21. Nxe6+ Kf7 22. Ng5+ Kg7 23. g3 Bc5+ 24. Kh1 Rhe8 25. Nf3 Ng4 26. h3 Nf2+ 27.
Kg2 Re2 28. Nd4 Bxd4 29. cxd4 Rcc2 30. Kf3 Nxh3 31. Be3 h5 32. d5 Kf6 33. Bxa7
g5 34. fxg5+ Nxg5+ 35. Kf4 Rc4+ {White resigns} 0-1

[Event "Team 45 45 League T51"]
[Site "Internet Chess Club"]
[Date "2011.11.26"]
[Round "3"]
[White "LanceLegal"]
[Black "g8wrb"]
[Result "0-1"]
[WhiteElo "1495"]
[BlackElo "1433"]
[Opening "French: Tarrasch, closed variation"]
[ECO "C05"]
[Time "13:05:18"]
[TimeControl "2700+45"]

1. e4 e6 2. d4 d5 3. Nd2 Nf6 4. e5 Nfd7 5. Ngf3 c5 6. c3 Nc6 7. Bd3 Qb6 8. Qb3
cxd4 9. Qxb6 Nxb6 10. cxd4 Be7 11. a3 Bd7 12. O-O O-O 13. b4 Rac8 14. h4 h6 15.
g4 a5 16. bxa5 Nxa5 17. g5 h5 18. g6 Rc3 19. gxf7+ Kxf7 20. Be2 Kg8 21. Ng5 Rf4
22. Ndf3 Rg4+ 23. Kh2 Nb3 24. Bd2 Nxd2 25. Nxd2 Rxh4+ {White resigns} 0-1

[Event "Team 45 45 League T51"]
[Site "Internet Chess Club"]
[Date "2011.11.26"]
[Round "3"]
[White "AtomicDog"]
[Black "moto"]
[Result "0-1"]
[WhiteElo "1350"]
[BlackElo "1372"]
[Opening "Sicilian: Marshall variation"]
[ECO "B41"]
[Time "13:00:43"]
[TimeControl "2700+45"]

1. e4 c5 2. Nf3 e6 3. d4 d5 4. exd5 exd5 5. Bd3 c4 6. Be2 Nf6 7. c3 Nc6 8. O-O
Bd6 9. b3 cxb3 10. axb3 O-O 11. Ba3 Bf5 12. Bxd6 Qxd6 13. Bd3 Be4 14. h3 Bxd3
15. Qxd3 Nh5 16. Nbd2 Nf4 17. Qc2 Rac8 18. Qb1 Ne2+ 19. Kh1 Nxc3 20. Qb2 Nb5 21.
Rac1 Nb4 22. Rxc8 Rxc8 23. Qb1 g6 24. Rd1 Nc3 {White resigns} 0-1

[Event "Team 45 45 League T51"]
[Site "Internet Chess Club"]
[Date "2011.11.28"]
[Round "3"]
[White "kidviper"]
[Black "Giacometti"]
[Result "1-0"]
[WhiteElo "1969"]
[BlackElo "1632"]
[Opening "Dutch"]
[ECO "A87"]
[Time "09:05:07"]
[TimeControl "2700+45"]

1. d4 f5 2. Nf3 g6 3. c4 Bg7 4. Nc3 Nf6 5. g3 O-O 6. Bg2 d6 7. O-O Re8 8. Re1
Nc6 9. d5 Ne5 10. Nxe5 dxe5 11. e4 e6 12. Bg5 Qd6 13. Nb5 Qb6 14. Be3 Qa5 15. b4
Qxb4 16. Nxc7 exd5 17. cxd5 {Black resigns} 1-0

[Event "Team 45 45 League T51"]
[Site "Internet Chess Club"]
[Date "2011.11.25"]
[Round "3"]
[White "nursey"]
[Black "RD1974"]
[Result "1-0"]
[WhiteElo "1573"]
[BlackElo "1679"]
[Opening "Dutch defense"]
[ECO "A40"]
[Time "16:30:38"]
[TimeControl "2700+45"]

1. d4 e6 2. c4 f5 3. Nf3 c6 4. Bg5 Nf6 5. e3 Be7 6. Nc3 O-O 7. Bd3 d5 8. O-O
Nbd7 9. Rc1 Qe8 10. Re1 Bd6 11. cxd5 cxd5 12. Nb5 Bb8 13. Nc7 Bxc7 14. Rxc7 a6
15. b3 h6 16. Bh4 Ne4 17. a3 Rf7 18. Qe2 Ndf6 19. Rec1 Rxc7 20. Rxc7 Rb8 21. Ne5
Nd7 22. Bxe4 Nxe5 23. Bc2 Nc6 24. b4 e5 25. dxe5 Qxe5 26. Bg3 Qa1+ 27. Qd1 Qxd1+
28. Bxd1 Be6 29. Rxc6 bxc6 30. Bxb8 Kf7 31. Ba4 Bd7 32. Bd6 Ke6 33. Bf8 Kf7 34.
Bc5 h5 35. Bc2 Ke6 36. Bd3 Bc8 37. h4 g6 38. Kf1 Ke5 39. Ke2 Kf6 40. Kf3 g5 41.
Bd4+ Kg6 42. hxg5 Kxg5 43. a4 h4 44. Bc2 Bb7 45. Be5 Bc8 46. Bd6 Bd7 47. Be7+
Kh5 48. Kf4 Bc8 49. Bxf5 Bb7 50. Be6 a5 51. bxa5 Ba6 52. Bf7+ Kh6 53. Bxh4 c5
54. Bg5+ Kg7 55. Bxd5 c4 56. Kf5 c3 57. Bf6+ Kf8 58. Bxc3 Bc8+ 59. Kf6 Ke8 60.
Bf7+ Kd8 61. Be6 Bb7 62. g4 Bc6 63. a6 Ba8 64. a7 Bc6 65. a5 Ba8 66. a6 Bc6 67.
g5 Kc7 68. g6 {Black resigns} 1-0

[Event "Team 45 45 League T51"]
[Site "Internet Chess Club"]
[Date "2011.11.26"]
[Round "3"]
[White "kidcobra"]
[Black "Kristian1974"]
[Result "1-0"]
[WhiteElo "1595"]
[BlackElo "1581"]
[Opening "Sicilian: Kan, Maróczy bind (Réti variation)"]
[ECO "B41"]
[Time "14:07:24"]
[TimeControl "2700+45"]

1. e4 c5 2. Nf3 e6 3. d4 cxd4 4. Nxd4 a6 5. c4 Nf6 6. Nc3 Bb4 7. Bg5 Bxc3+ 8.
bxc3 Qa5 9. Bd2 Nxe4 10. Qc2 Nxd2 11. Qxd2 O-O 12. Be2 Nc6 13. Nb3 Qc7 14. O-O
b6 15. Nd4 Ne5 16. Qf4 d6 17. Nf3 Nxf3+ 18. Bxf3 Rb8 19. Be4 Bb7 20. Bxb7 Rxb7
21. Rad1 Rd8 22. Rfe1 Qc5 23. Qe4 Rc7 24. Qh4 Rdc8 25. Re4 Qa3 26. Qg3 Rd7 27.
Qe3 Qa4 28. Qe2 Rc5 29. Red4 Rc6 30. h3 Qa5 31. Re4 d5 32. cxd5 Rxd5 33. Rxd5
Qxd5 34. Rd4 Qg5 35. Qxa6 Qc1+ 36. Kh2 h6 37. Qa8+ Kh7 38. Qxc6 Qe1 39. Qe4+
Qxe4 40. Rxe4 Kg6 {Black resigns} 1-0

[Event "Team 45 45 League T51"]
[Site "Internet Chess Club"]
[Date "2011.11.24"]
[Round "3"]
[White "rahulr"]
[Black "katikus"]
[Result "1/2-1/2"]
[WhiteElo "1631"]
[BlackElo "1794"]
[Opening "QGD semi-Slav: Meran, Wade variation"]
[ECO "D47"]
[Time "11:00:32"]
[TimeControl "2700+45"]

1. d4 d5 2. c4 c6 3. Nc3 Nf6 4. Nf3 e6 5. e3 Nbd7 6. Bd3 dxc4 7. Bxc4 b5 8. Bd3
Bb7 9. O-O a6 10. Re1 c5 11. e4 cxd4 12. Nxd4 Ne5 13. Bc2 Bd6 14. Bf4 O-O 15.
Bb3 b4 16. Na4 Nxe4 17. f3 Nxf3+ 18. gxf3 Bxf4 19. fxe4 Qg5+ 20. Kh1 Qe5 21. Nf3
Bxe4 22. Qe2 f5 23. Bc2 Qb5 24. Bxe4 fxe4 25. Qxe4 Qxa4 26. Qxe6+ Kh8 27. Ne5
Bxe5 28. Qxe5 Rae8 29. Qc5 Qd7 30. Qxb4 Qd5+ 31. Kg1 Qg5+ 32. Kh1 Qd5+ 33. Kg1
Qg5+ 34. Kh1 Qd5+ 35. Kg1 {Game drawn by repetition} 1/2-1/2

[Event "Team 45 45 League T51"]
[Site "Internet Chess Club"]
[Date "2011.11.27"]
[Round "3"]
[White "AVEMARIA"]
[Black "Zugzwanged"]
[Result "1/2-1/2"]
[WhiteElo "1638"]
[BlackElo "1668"]
[Opening "Giuoco Pianissimo"]
[ECO "C24"]
[Time "15:00:37"]
[TimeControl "2700+45"]

1. e4 e5 2. Bc4 Nf6 3. d3 Bc5 4. Nf3 Nc6 5. c3 d5 6. exd5 Nxd5 7. O-O O-O 8. Bg5
f6 9. Bh4 Bg4 10. h3 Bh5 11. b4 Be7 12. Qb3 Bf7 13. Bg3 a6 14. a4 Qd7 15. Nbd2
b5 16. axb5 axb5 17. Rxa8 Rxa8 18. Bxb5 Ne3 19. Bc4 Bxc4 20. Nxc4 Nxc4 21. Qxc4+
Kh8 22. Re1 Bd6 23. Nh4 Ne7 24. Nf3 Rd8 25. d4 exd4 26. Bxd6 Qxd6 27. Nxd4 Ng6
28. Qc6 Qxc6 29. Nxc6 Ra8 30. g3 Kg8 31. Ne7+ Kf7 32. Nxg6 hxg6 33. h4 Rd8 34.
Re3 c6 35. Kg2 c5 36. bxc5 Rc8 37. Kf3 Rxc5 38. Ke4 Rc7 39. Kd5 Rd7+ 40. Kc6 Rd2
41. f4 Rc2 42. Kc5 Rc1 43. c4 Ra1 44. Kd5 Ra8 45. c5 Rd8+ 46. Kc6 Rc8+ 47. Kd6
Rd8+ 48. Kc7 Rd1 49. c6 Rd2 50. Kc8 Rd1 51. c7 Rb1 52. Rd3 Ke7 53. Rd7+ Ke8 54.
Rxg7 Rb3 55. Rxg6 Kf7 56. f5 Rf3 57. g4 Rf1 58. h5 Rf2 59. h6 Re2 60. h7 Rh2 61.
h8=Q Rxh8+ 62. Kb7 Rh1 63. c8=Q Rb1+ 64. Kc6 Rc1+ 65. Kb6 Rxc8 66. Kb7 {Game
drawn by mutual agreement} 1/2-1/2

[Event "Team 45 45 League T51"]
[Site "Internet Chess Club"]
[Date "2011.11.26"]
[Round "3"]
[White "Euclid"]
[Black "Warpdrive"]
[Result "1-0"]
[WhiteElo "1668"]
[BlackElo "1607"]
[Opening "King's Indian: orthodox, Aronin-Taimanov, bayonet attack"]
[ECO "E97"]
[Time "20:03:31"]
[TimeControl "2700+45"]

1. d4 Nf6 2. c4 g6 3. Nc3 Bg7 4. e4 d6 5. Nf3 O-O 6. Be2 e5 7. O-O Nc6 8. d5 Ne7
9. b4 Ne8 10. Nd2 f5 11. f3 f4 12. c5 g5 13. a4 Ng6 14. Ba3 h5 15. Nc4 Rf6 16.
Rc1 h4 17. h3 Bf8 18. Qb3 b6 19. cxd6 Bxd6 20. Nxd6 Nxd6 21. Nb5 Rf7 22. Qc2 Ba6
23. Nxd6 Bxe2 24. Nxf7 Qd7 25. Nxe5 Nxe5 26. Qxe2 Qxa4 27. Bb2 Qxb4 28. Bxe5
{Black resigns} 1-0

[Event "Team 45 45 League T51"]
[Site "Internet Chess Club"]
[Date "2011.11.26"]
[Round "3"]
[White "tightfist"]
[Black "Risto"]
[Result "1-0"]
[WhiteElo "1663"]
[BlackElo "1354"]
[Opening "English: Carls' Bremen system"]
[ECO "A22"]
[Time "14:00:31"]
[TimeControl "2700+45"]

1. c4 e5 2. Nc3 Nf6 3. g3 Bc5 4. Bg2 O-O 5. Nf3 Re8 6. O-O c6 7. d4 exd4 8. Nxd4
Qb6 9. Na4 Qb4 10. Nxc5 Qxc5 11. b3 d5 12. cxd5 Nxd5 13. Bb2 Bg4 14. Rc1 Qe7 15.
Bxd5 cxd5 16. Kg2 Bxe2 17. Nxe2 Qxe2 18. Re1 Qxe1 19. Qxe1 Rxe1 20. Rc8+ {Black
resigns} 1-0

[Event "Team 45 45 League T51"]
[Site "Internet Chess Club"]
[Date "2011.11.30"]
[Round "3"]
[White "ferrari9182"]
[Black "grabuark"]
[Result "0-1"]
[WhiteElo "1927"]
[BlackElo "2095"]
[Opening "Sicilian: closed"]
[ECO "B25"]
[Time "21:04:40"]
[TimeControl "2700+45"]

1. e4 c5 2. Nc3 Nc6 3. g3 g6 4. Bg2 Bg7 5. d3 d6 6. Nge2 e6 7. O-O Nge7 8. Be3
Nd4 9. Qd2 O-O 10. Rae1 Rb8 11. Nc1 b5 12. Nd1 b4 13. c3 bxc3 14. bxc3 Ndc6 15.
Bh6 Bxh6 16. Qxh6 Qa5 17. g4 e5 18. f4 Bxg4 19. f5 f6 20. Ne3 Bh5 21. fxg6 hxg6
22. Bh3 Nd8 23. Bg4 Rf7 24. Nc4 Qxc3 25. Bxh5 Rh7 26. Qe3 gxh5 27. Ne2 Qc2 28.
Nxd6 Nf7 29. Nc4 Rd8 30. Rf3 Ng5 31. Rg3 h4 32. Rg2 Rxd3 33. Qxc5 Rg7 34. Kh1 h3
35. Rgg1 Rd1 36. Qe3 Rxe1 37. Rxe1 Qxc4 {White resigns} 0-1

[Event "Team 45 45 League T51"]
[Site "Internet Chess Club"]
[Date "2011.11.26"]
[Round "3"]
[White "Tobiasdelmonte"]
[Black "McKnights"]
[Result "1/2-1/2"]
[WhiteElo "1841"]
[BlackElo "1895"]
[Opening "Scandinavian defense"]
[ECO "B01"]
[Time "21:01:10"]
[TimeControl "2700+45"]

1. e4 d5 2. exd5 Nf6 3. Bb5+ Bd7 4. Be2 Nxd5 5. d4 Bf5 6. Nf3 e6 7. a3 Bd6 8.
O-O O-O 9. g3 Nc6 10. c4 Nf6 11. Nc3 Ne4 12. Nb5 a6 13. Nxd6 cxd6 14. Be3 d5 15.
Re1 Re8 16. Nh4 Bh3 17. Qb3 Qf6 18. Rad1 Rab8 19. cxd5 exd5 20. Qxd5 Rbd8 21.
Qc4 Ne7 22. d5 Nd6 23. Qd4 Qxd4 24. Rxd4 Nef5 25. Nxf5 Nxf5 26. Rd3 Nxe3 27.
fxe3 Bf5 28. Rb3 Re7 29. Bf3 b5 30. e4 Bc8 31. Kf2 Bb7 32. Rc3 g6 33. Rec1 Rdd7
34. b4 Kg7 35. R1c2 h5 36. h3 Kf6 37. Ke3 Bxd5 38. Rd2 Be6 39. Rc6 Rxd2 40. Kxd2
Ke5 41. h4 Rd7+ 42. Ke3 Bc4 43. Rc5+ Ke6 44. Kf4 Rd6 45. g4 hxg4 46. Bxg4+ Ke7
47. Rc7+ Kf8 48. Ke5 Rb6 49. Ra7 Be6 50. Bxe6 Rxe6+ 51. Kd5 Rf6 52. Ke5 Kg7 53.
Ra8 Re6+ 54. Kf4 f6 55. Ra7+ Kh6 56. Ra8 g5+ 57. hxg5+ fxg5+ 58. Kf5 Rg6 59. e5
g4 60. e6 Rg5+ 61. Kf4 Rg7 62. Rxa6 Kh5 63. Kg3 Rg5 64. Rb6 Re5 65. e7 Re3+ 66.
Kf4 Rxe7 67. Rxb5+ Kh4 68. Rb8 Rf7+ 69. Ke3 Ra7 70. Rh8+ Kg3 71. Kd4 Rxa3 72. b5
Kf2 73. Rf8+ Kg2 74. Kc5 Rb3 75. b6 Kg1 76. Rf4 g3 77. Rb4 Rxb4 78. Kxb4 g2 79.
b7 Kh1 80. b8=Q g1=Q 81. Qh8+ Qh2 82. Qxh2+ Kxh2 {Game drawn because neither
player has mating material} 1/2-1/2

[Event "Team 45 45 League T51"]
[Site "Internet Chess Club"]
[Date "2011.11.28"]
[Round "3"]
[White "ChessAuthor"]
[Black "Goli"]
[Result "1/2-1/2"]
[WhiteElo "1719"]
[BlackElo "1854"]
[Opening "English opening"]
[ECO "A05"]
[Time "17:00:19"]
[TimeControl "2700+45"]

1. Nf3 Nf6 2. c4 g6 3. g3 Bg7 4. Bg2 O-O 5. Nc3 d6 6. d3 e5 7. O-O Nc6 8. Bg5 h6
9. Bxf6 Bxf6 10. Nd5 Bg7 11. Rb1 Be6 12. b4 Bxd5 13. cxd5 Ne7 14. Nd2 f5 15. Qc2
Rf7 16. f4 exf4 17. gxf4 g5 18. Nb3 Ng6 19. fxg5 Qxg5 20. Kh1 Be5 21. d4 Bf4 22.
e4 Raf8 23. exf5 Nh4 24. Be4 Kh8 25. Qf2 Be3 26. Qg3 Qxg3 27. hxg3 Nxf5 28. Bxf5
Rxf5 29. Rxf5 Rxf5 30. Re1 Bg5 31. Re8+ Kg7 32. Rc8 Rf7 33. Na5 Be3 34. Nxb7
Bxd4 35. Nd8 Rf1+ 36. Kg2 Rf2+ 37. Kh3 Bb6 38. Ne6+ Kg6 39. a4 {Game drawn by
mutual agreement} 1/2-1/2

[Event "Team 45 45 League T51"]
[Site "Internet Chess Club"]
[Date "2011.11.27"]
[Round "3"]
[White "King-Ghost"]
[Black "kasperloff"]
[Result "1/2-1/2"]
[WhiteElo "2078"]
[BlackElo "1983"]
[Opening "Grünfeld: exchange variation"]
[ECO "D85"]
[Time "13:01:29"]
[TimeControl "2700+45"]

1. d4 Nf6 2. c4 g6 3. Nc3 d5 4. cxd5 Nxd5 5. e3 Bg7 6. Nf3 O-O 7. Bd3 c5 8. Nxd5
Qxd5 9. O-O cxd4 10. Nxd4 Nc6 11. Nxc6 Qxc6 12. e4 Be6 13. Qe2 a6 14. Be3 {Game
drawn by mutual agreement} 1/2-1/2

[Event "Team 45 45 League T51"]
[Site "Internet Chess Club"]
[Date "2011.11.25"]
[Round "3"]
[White "Philly-Boy"]
[Black "LittleWarrior"]
[Result "0-1"]
[WhiteElo "1902"]
[BlackElo "1932"]
[Opening "Nimzo-Indian: Fischer variation"]
[ECO "E43"]
[Time "16:01:08"]
[TimeControl "2700+45"]

1. d4 Nf6 2. c4 e6 3. Nc3 Bb4 4. e3 b6 5. Bd3 Bb7 6. Nf3 Ne4 7. Qc2 f5 8. O-O
Nxc3 9. bxc3 Bxf3 10. cxb4 Qg5 11. g3 Nc6 12. Bd2 Qh5 13. Rfe1 O-O 14. b5 Ne7
15. e4 f4 16. Bb4 d6 17. Be2 fxg3 18. fxg3 Rf7 19. Bxf3 Qxf3 20. c5 dxc5 21.
dxc5 Ng6 22. cxb6 axb6 23. Qe2 Ne5 24. Rad1 h5 25. Rd2 Qxe2 26. Rexe2 Nf3+ 27.
Kg2 Nxd2 28. Rxd2 Kh7 29. Rd3 Rxa2+ 30. Kh3 Rff2 31. Kh4 Kh6 32. g4 g5+ 33. Kh3
h4 {White resigns} 0-1

[Event "Team 45 45 League T51"]
[Site "Internet Chess Club"]
[Date "2011.11.26"]
[Round "3"]
[White "UsuallySleepy"]
[Black "amnesia"]
[Result "1-0"]
[WhiteElo "1961"]
[BlackElo "1884"]
[Opening "Sicilian: accelerated fianchetto, modern variation"]
[ECO "B34"]
[Time "08:02:20"]
[TimeControl "2700+45"]

1. e4 c5 2. Nf3 Nc6 3. d4 cxd4 4. Nxd4 g6 5. Nc3 Bg7 6. Be3 Nf6 7. f3 O-O 8. Qd2
d5 9. O-O-O dxe4 10. Nxc6 Qxd2+ 11. Rxd2 bxc6 12. Nxe4 Nxe4 13. fxe4 Be6 14. b3
a5 15. a4 Rfc8 16. Be2 c5 17. c4 Be5 18. g3 Kf8 19. Kc2 Ke8 20. Rd3 f6 21. Rhd1
Rab8 22. Bd2 Bc7 23. Be3 Be5 24. Bd2 Bxc4 25. bxc4 Rb2+ 26. Kc1 Rcb8 27. Ra3
Rb1+ 28. Kc2 R1b2+ 29. Kd3 Rd8+ 30. Ke3 Bd4+ 31. Kf3 g5 32. g4 Rdb8 33. Bxa5
{Black resigns} 1-0

[Event "Team 45 45 League T51"]
[Site "Internet Chess Club"]
[Date "2011.11.27"]
[Round "3"]
[White "misuc56"]
[Black "viking99"]
[Result "1/2-1/2"]
[WhiteElo "1840"]
[BlackElo "1844"]
[Opening "King's Indian defense"]
[ECO "D70"]
[Time "13:00:20"]
[TimeControl "2700+45"]

1. d4 Nf6 2. c4 g6 3. e3 d5 4. Nc3 Bg7 5. h3 O-O 6. Nf3 c5 7. Be2 Nc6 8. O-O
cxd4 9. exd4 b6 10. Be3 Bb7 11. Rc1 a6 12. a3 dxc4 13. Bxc4 b5 14. Be2 Rc8 15.
Nh2 e6 16. f4 Ne7 17. Bf3 Nf5 18. Bf2 Nd5 19. Nxd5 Rxc1 20. Qxc1 Bxd5 21. Bxd5
Qxd5 22. Nf3 Nxd4 23. Nxd4 Bxd4 24. Bxd4 Qxd4+ 25. Kh1 Rd8 26. Qc6 Qd3 27. Rf3
Qb1+ 28. Kh2 Qxb2 29. Qxa6 Rd2 30. Qc8+ Kg7 31. Qc3+ Qxc3 32. Rxc3 h5 33. h4 Kf6
34. Kg3 Kf5 35. Kf3 Rd5 36. Re3 e5 37. fxe5 Rxe5 38. Rc3 f6 39. Rb3 g5 40. hxg5
fxg5 41. Rb4 g4+ 42. Kg3 Kg5 43. a4 bxa4 44. Rxa4 Rf5 45. Ra8 h4+ 46. Kh2 Rf2
47. Rg8+ Kf4 48. Rf8+ Ke3 49. Rg8 g3+ 50. Kh3 Kf4 51. Rg4+ Kf5 52. Rxh4 Rd2 53.
Kxg3 Rd3+ 54. Kh2 Kg5 55. Rh8 Rc3 56. g3 Kg4 57. Rg8+ Kh5 58. Kh3 Rc1 59. Ra8
Rc4 60. Ra5+ Kh6 61. Ra8 Kg5 62. Rg8+ Kh5 63. Rf8 Kg5 64. Ra8 Kh5 65. Ra5+ Kh6
66. g4 Rb4 67. Kh4 Rb6 68. Ra8 Kg6 69. Rh8 Rb5 70. Rc8 Rb6 71. Rc7 Ra6 {Game
drawn by mutual agreement} 1/2-1/2

[Event "Team 45 45 League T51"]
[Site "Internet Chess Club"]
[Date "2011.11.25"]
[Round "3"]
[White "DeepGreen"]
[Black "carokantor"]
[Result "0-1"]
[WhiteElo "1652"]
[BlackElo "2028"]
[Opening "Caro-Kann: classical variation"]
[ECO "B18"]
[Time "19:31:12"]
[TimeControl "2700+45"]

1. e4 c6 2. Nc3 d5 3. d4 dxe4 4. Nxe4 Bf5 5. f3 e6 6. Ne2 Nf6 7. Bg5 Be7 8. Bxf6
Bxf6 9. Nxf6+ Qxf6 10. Ng3 Bg6 11. c3 O-O 12. Bd3 Nd7 13. O-O Rfd8 14. Bxg6 Qxg6
15. Qb3 b6 16. Rad1 Nf6 17. c4 h5 18. Qd3 Qxd3 19. Rxd3 g6 20. Ne4 Nxe4 21. fxe4
Rd7 22. Rfd1 Rad8 23. b3 Kg7 24. Kf2 e5 25. d5 cxd5 26. exd5 f5 27. b4 Rc8 28.
Rc3 Kf6 29. Ke2 e4 30. g3 Ke5 31. h4 a5 32. b5 Rdc7 33. d6 Rd7 34. c5 bxc5 35.
Rdc1 Kxd6 36. Rd1+ Ke6 37. Rxd7 Kxd7 38. Ra3 Ra8 39. Rc3 Kd6 40. a4 Kd5 41. Rc1
c4 42. Rd1+ Kc5 43. Rb1 Rb8 44. Ke3 Rb6 45. Ke2 Rd6 46. Rd1 Rb6 47. Rb1 Kd4 48.
Rd1+ Kc3 49. Rc1+ Kb4 50. Ra1 c3 51. Rb1+ Kxa4 52. Kd1 Rxb5 53. Rc1 Kb3 54. g4
hxg4 55. Rb1+ Kc4 56. Ra1 Kd3 57. Ke1 e3 58. Rd1+ Ke4 59. Rd6 Kf3 60. Rd1 c2
{White resigns} 0-1

[Event "Team 45 45 League T51"]
[Site "Internet Chess Club"]
[Date "2011.11.26"]
[Round "3"]
[White "HumanTornado"]
[Black "IshanR"]
[Result "1/2-1/2"]
[WhiteElo "1944"]
[BlackElo "1842"]
[Opening "Réti: advance variation"]
[ECO "A09"]
[Time "10:03:50"]
[TimeControl "2700+45"]

1. Nf3 d5 2. c4 d4 3. g3 Nc6 4. Bg2 e5 5. d3 Nf6 6. O-O Bd6 7. a3 a5 8. a4 O-O
9. Na3 Re8 10. Nb5 Bg4 11. h3 Bf5 12. Nxd6 Qxd6 13. Bd2 h6 14. Qb3 e4 15. dxe4
Bxe4 16. Bf4 Qb4 17. Qxb4 Nxb4 18. Bxc7 d3 19. exd3 Bxd3 20. Rfd1 Bxc4 21. Nd2
Bd5 22. Bxd5 Nbxd5 23. Bd6 Rac8 24. Nb3 Rc2 25. Rd2 Rxd2 26. Nxd2 Re2 27. Rd1
Re6 28. Bc5 Rc6 29. Bd4 Kf8 30. Nb3 b6 31. Nd2 {Game drawn by mutual agreement}
1/2-1/2

[Event "Team 45 45 League T51"]
[Site "Internet Chess Club"]
[Date "2011.11.25"]
[Round "3"]
[White "PJ"]
[Black "jt2000"]
[Result "0-1"]
[WhiteElo "1732"]
[BlackElo "1715"]
[Opening "Sicilian: closed"]
[ECO "B23"]
[Time "14:12:35"]
[TimeControl "2700+45"]

1. e4 c5 2. Nc3 d6 3. g3 Nf6 4. Bg2 Nc6 5. d3 e6 6. f4 Qc7 7. Nf3 Be7 8. a4 a6
9. Ne2 Bd7 10. c3 Qb6 11. Qc2 Na5 12. Be3 Nb3 13. Ra3 Na5 14. b4 Nc6 15. bxc5
dxc5 16. O-O Ng4 17. Qd2 Nxe3 18. Qxe3 Qa5 19. Rfa1 O-O 20. Nd2 Qc7 21. R3a2
Rfd8 22. a5 Be8 23. Nc4 Rab8 24. Nb6 Na7 25. e5 Nc6 26. Bxc6 Bxc6 27. c4 Re8 28.
Re1 Rbd8 29. Rb2 f6 30. Rd2 h6 31. Rdd1 Rf8 32. Rf1 fxe5 33. fxe5 Bg5 34. Qxc5
Rxf1+ 35. Rxf1 Rxd3 36. Nf4 Rd2 37. Re1 Bxf4 38. gxf4 Rg2+ 39. Kf1 Rxh2 40. f5
Bg2+ {White resigns} 0-1

[Event "Team 45 45 League T51"]
[Site "Internet Chess Club"]
[Date "2011.11.29"]
[Round "3"]
[White "beitmery"]
[Black "flyingpawns"]
[Result "1-0"]
[WhiteElo "1624"]
[BlackElo "1706"]
[Opening "QGD"]
[ECO "D52"]
[Time "16:39:50"]
[TimeControl "2700+45"]

1. c4 c6 2. d4 d5 3. Nf3 Nf6 4. Nc3 e6 5. Bg5 Nbd7 6. e3 Be7 7. Qc2 a6 8. cxd5
exd5 9. Bd3 h6 10. Bh4 b6 11. h3 Bb7 12. Bg3 Rc8 13. Qe2 b5 14. e4 dxe4 15. Nxe4
O-O 16. O-O Nxe4 17. Bxe4 Nf6 18. Bf5 Ra8 19. Rac1 Re8 20. Qd3 Nd5 21. a3 Bf6
22. Ne5 Qb6 23. Bh7+ {Black resigns} 1-0